 Dungeon Crawl Stone Soup version 0.24-a0-736-g4e6fe308c7 (webtiles) character file.

Game seed: 12964241504804061139, levelgen mode: deterministic

51 Kohma the Conjurer (level 3, -2/28 HPs)
             Began as a Draconian Conjurer on Oct 2, 2019.
             Was an Initiate of Dithmenos.
             Slain by a gnoll
             ... wielding a +0 halberd
              (11 damage)
             ... on level 2 of the Dungeon.
             The game lasted 00:04:25 (1188 turns).

Kohma the Conjurer (Draconian Conjurer)             Turns: 1188, Time: 00:04:25

Health: -2/28      AC:  5    Str: 10    XL:     3   Next: 57%
Magic:  1/6        EV: 12    Int: 16    God:    Dithmenos [......]
Gold:   102        SH:  0    Dex: 11    Spells: 3/6 levels left

rFire    . . .     SeeInvis .   d - +0 dagger
rCold    . . .     Gourm    .   (no shield)
rNeg     . . .     Faith    .   (armour unavailable)
rPois    .         Spirit   .   (helmet restricted)
rElec    .         Reflect  .   (no cloak)
rCorr    .         Harm     .   (no gloves)
MR       .....                  (no boots)
Stlth    ++........             (no amulet)
HPRegen  0.09/turn              (no ring)
MPRegen  0.10/turn              (no ring)

@: no status effects
A: unfitting armour, cold-blooded, AC +5
a: Renounce Religion


You were on level 2 of the Dungeon.
You worshipped Dithmenos.
Dithmenos was noncommittal.
You were hungry.

You visited 1 branch of the dungeon, and saw 2 of its levels.

You collected 102 gold pieces.

Inventory:

Hand Weapons
 d - a +0 dagger (weapon)
Missiles
 a - 16 poisoned darts (quivered)
 e - 18 bolts
 g - 54 stones
 k - 19 arrows
Armour
 r - a +0 shield
Jewellery
 p - an uncursed ring of flight
Scrolls
 i - 2 scrolls of remove curse {unknown}
 j - a scroll of noise {unknown}
 l - a scroll of teleportation {unknown}
 m - a scroll of fear {unknown}
 o - a scroll of fog {unknown}
 q - a scroll of amnesia {unknown}
Potions
 f - a potion of ambrosia {unknown}
 h - 2 potions of heal wounds {unknown}
 n - a potion of might {unknown}
Comestibles
 b - 3 rations


   Skills:
 + Level 1.4 Fighting
 - Level 1.7 Dodging
 - Level 1.7 Stealth
 + Level 0.4 Shields
 + Level 2.4 Spellcasting
 * Level 4.7 Conjurations


You had 3 spell levels left.
You knew the following spells:

 Your Spells              Type           Power        Failure   Level  Hunger
a - Magic Dart            Conj           ###.         2%          1    #......
b - Searing Ray           Conj           ###...       4%          2    ###....

Your spell library contained the following spells:

 Spells                   Type           Power        Failure   Level  Hunger
 Dazzling Spray           Conj/Hex       #.....       22%         3    ###....
 Iskenderun's Mystic Bla  Conj           ###.....     28%         4    #####..
 Force Lance              Conj/Tloc      #.......     58%         4    #####..
 Fulminant Prism          Conj/Hex       #.........   58%         4    #####..


Dungeon Overview and Level Annotations

Branches:
Dungeon (2/15)

Altars:
Dithmenos
Okawaru


Innate Abilities, Weirdness & Mutations

Your plain brown scales are hard. (AC +5)
You cannot fit into any form of body armour.
You are cold-blooded and may be slowed by cold attacks.


Message History

Confirm with . or Enter, or press ? or * to list all spells.
Aiming: Searing Ray (safe; 4% risk of failure)
Press: ? - help, Shift-Dir - straight line, f - gnoll
Aim: a gnoll, wielding a +0 halberd The searing ray hits the gnoll.
The gnoll is moderately wounded. (Press . to maintain the ray.)
You are feeling hungry.
The gnoll barely misses you.
The gnoll hits you from afar with a +0 spear.
The searing ray misses the gnoll.
The gnoll closely misses you.
The searing ray hits the gnoll!
The gnoll is almost dead.
The gnoll closely misses you. x2
The searing ray hits the gnoll!
You kill the gnoll!
Dithmenos accepts your kill.
You finish channeling your searing ray.
The gnoll misses you.
The gnoll hits you from afar with a +0 halberd!
You die...

#.#.###########..........##
§§§#.....................#
#§#§#.##########....####.#
.§§§§.# #.#### #.# #§#§###
#.# #.# §§.#############.#
#.# #.#>...........gg#####
#.# #.#.######........[..#
#.# #...# #..####@###.# #.#
###.# #..####.# #.# #.# #
#.# #.....).# #.# #.# ###.#
#.#####.###.###.# ....# #.#
#.##..[##.# ##### #.#
#.........# # #.#
####...#### #.#########.##
#...........#


You could see 2 gnolls.

Vanquished Creatures
  2 gnolls (D:2)
  A worm (D:2)
  A dart slug (D:1)
  A ball python (D:2)
  4 bats
  2 giant cockroaches
  5 hobgoblins
  5 kobolds (D:1)
  A frilled lizard (D:1)
  A goblin (D:2)
  3 rats
26 creatures vanquished.

Notes
Turn   | Place    | Note
-------+----------+-------------------------------------------
     0 | D:1      | Kohma the Draconian Conjurer began the quest for the Orb.
     0 | D:1      | Reached XP level 1. HP: 14/14 MP: 3/3
   145 | D:1      | Reached XP level 2. HP: 19/22 MP: 1/5
   149 | D:1      | Learned a level 2 spell: Searing Ray
   292 | D:1      | Reached skill level 1 in Fighting
   697 | D:2      | Found an iron altar of Okawaru.
   720 | D:2      | Found a shadowy altar of Dithmenos.
   724 | D:2      | Became a worshipper of Dithmenos the Shadowed
   861 | D:2      | Reached XP level 3. HP: 26/28 MP: 0/6
  1188 | D:2      | Slain by a gnoll

Levels and vault maps discovered:
D:1:      roderic_dead_forest, layout_basic
D:2:      layout_loops_ring, grunt_dithmenos_smoke_and_mirrors,
          okawaru_metal_pillars_1_2, marbit_many_paths

Skill      XL: |  1  2 |
---------------+-------+-----
Fighting       | 1 |  1.4
Dodging        | |  1.7
Stealth        | |  1.7
Shields        | |  0.4
Spellcasting   | |  2.4
Conjurations   | |  4.7

Action                   || total
-------------------------++-------
Melee: Dagger            ||    26
       Tailslap          ||     1
Throw: Dart              ||    19
 Cast: Magic Dart        ||    42
       Searing Ray       ||     2
  Eat: Chunk             ||     1
Armor: Skin              ||    12
Dodge: Dodged            ||    23

Table legend:
 A = Non-vault XP
 B = Vault XP
 C = Vault XP percentage of total XP
 D = Non-vault monster count
 E = Vault monster count
 F = Vault count percentage of total count
                 A         B        C        D         E       F
            +---------+---------+-------+---------+---------+-------
      Total |      73 |       0 |   0.0 |      26 |       0 |   0.0
            +---------+---------+-------+---------+---------+-------
        D:1 |      30 |       0 |   0.0 |      17 |       0 |   0.0
        D:2 |      43 |       0 |   0.0 |       9 |       0 |   0.0
            +---------+---------+-------+---------+---------+-------
